 Dungeon Crawl Stone Soup version 0.30-a0-587-gfd7c166f36 (webtiles) character file.

Game seed: 14841392021844000144

1791 Citaku the Protected (level 8, -3/67 (73) HPs)
             Began as a Minotaur Fighter on Jan 4, 2023.
             Slain by a wight
             ... wielding a +4 halberd
              (4 damage)
             ... on level 6 of the Dungeon.
             The game lasted 00:10:33 (5647 turns).

Citaku the Protected (Minotaur Fighter)             Turns: 5647, Time: 00:10:34

HP:   -3/67 (73)    AC: 12    Str: 22    XL:     8   Next: 82%
MP:   7/7           EV:  9    Int:  5    God:
Gold: 382           SH:  4    Dex: 11    Spells: 7/7 levels left

rFire   . . .      SeeInvis .    y - +0 hand axe (heavy)
rCold   . . .      Faith    .    c - +0 buckler
rNeg    . . .      Spirit   .    b - +0 scale mail
rPois   +          Reflect  .    (helmet restricted)
rElec   .          Harm     .    a - +0 cloak
rCorr   .          Rampage  .    h - +1 pair of gloves
Will    .....                    (no boots) Stlth
                                 (no amulet)
HPRegen 0.31/turn                r - ring of poison resistance
MPRegen 0.10/turn                (no ring)

@: drained
A: horns 2, retaliatory headbutt
a: no special abilities


You were on level 6 of the Dungeon.
You visited 1 branch of the dungeon, and saw 6 of its levels.

You collected 382 gold pieces.

Inventory:

Hand Weapons
 y - a +0 heavy hand axe (weapon)
Armour
 a - a +0 cloak (worn)
 b - a +0 scale mail (worn)
 c - a +0 buckler (worn)
 h - a +1 pair of gloves (worn)
Jewellery
 d - an amulet of regeneration
 r - a ring of poison resistance (left hand)
 z - a +6 ring of intelligence
Wands
 t - a wand of charming (4)
 C - a wand of roots (4)
Scrolls
 e - a scroll of enchant armour
 l - 4 scrolls of teleportation
 m - a scroll of poison
 n - a scroll of enchant weapon {unknown}
 v - a scroll of brand weapon
 w - a scroll of magic mapping
Potions
 f - 3 potions of attraction {unknown}
 g - 2 potions of berserk rage {unknown}
 i - 2 potions of heal wounds {unknown}
 j - 3 potions of flight {unknown}
 k - 4 potions of mutation {unknown}
 o - a potion of resistance {unknown}
 q - 2 potions of cancellation {unknown}
 u - 3 potions of curing
 x - a potion of degeneration {unknown}
 B - 2 potions of invisibility {unknown}


   Skills:
 + Level 7.0 Fighting
 * Level 9.0 Axes
 * Level 9.4 Armour
 - Level 3.6 Shields


You had 7 spell levels left.
You didn't know any spells.
Your spell library contained the following spells:

 Spells                   Type           Power      Damage    Failure   Level
 Sandblast                Erth           0%         2d4       85%         1
 Passwall                 Tmut/Erth      0%         N/A       94%         2
 Dazzling Flash           Conj/Hex       0%         N/A       99%         3
 Stone Arrow              Conj/Erth      0%         3d7       99%         3
 Agony                    Necr           0%         N/A       100%        5
 Silence                  Hex/Air        0%         N/A       100%        5


Dungeon Overview and Level Annotations

Branches:
Dungeon (6/15)
 Temple: D:4-7

Altars:
Ashenzari
Dithmenos
The Shining One

Shops:
D:1 [


Innate Abilities, Weirdness & Mutations

You have a pair of horns on your head.
You reflexively headbutt those who attack you in melee.


Message History

An adder and 2 wights come into view.
The adder hisses angrily.
The wight hits you with a +2 halberd.
You feel drained.
You closely miss the wight. You hit the adder but do no damage.
The adder bites you.
The wight hits you from afar with a +4 halberd.
You feel drained. The adder closely misses you. You furiously retaliate!
You headbutt the adder!
You kill the adder!
You hit the wight. You headbutt the wight.
The wight is moderately damaged.
The wight hits you from afar with a +0 trident.
You feel drained. The wight hits you with a +2 halberd.
The wight hits you from afar with a +4 halberd!
Okay, then.
The wight hits you with a +2 halberd. The wight closely misses you.
The wight hits you from afar with a +0 trident!
* * * LOW HITPOINT WARNING * * *
You feel drained.
* * * LOW HITPOINT WARNING * * *
The wight barely misses you.
The wight barely misses you. x2; You furiously retaliate!
You headbutt the wight!
You destroy the wight!
Your Axes skill increases to level 9!
The wight hits you with a +4 halberd!
* * * LOW HITPOINT WARNING * * *
Things that are here:
a +2 halberd; a +0 robe You block the wight's attack.
The wight hits you with a +0 trident!
* * * LOW HITPOINT WARNING * * *
You feel drained.
* * * LOW HITPOINT WARNING * * *
The wight closely misses you. You furiously retaliate!
You headbutt the wight!
You closely miss the wight. x2; The wight hits you with a +0 trident.
* * * LOW HITPOINT WARNING * * *
You feel drained. The wight hits you with a +4 halberd.
You die...

#.#####.#
#######.#####.# #####
#..........##.#
##...###†#####.##.##.#
##..?.$##.# #......>#
#.......#.# ###..####
#.......#.# #.##
#....<..#z# #.#
#......z@.# #.#
#....[†..####### #.#
#.#......#.....# #.#
#.##.###.....# #.# #.
#.# #.....# #.# # #.#
#.....####.# #.#
#..........#
..#####.##.###.#
#......#.# #.#


You could see 2 wights.

Vanquished Creatures
  Grinder (D:4)
  Menkaure (D:5)
  An ice beast (D:6)
  A black bear (D:5)
  A centaur (D:6)
  Blork the orc (D:6)
  A bullfrog (D:6)
  A necrophage (D:4)
  A gnoll sergeant (D:6)
  3 scorpions
  5 wights (D:6)
  A howler monkey (D:6)
  3 jellies
  An orc priest (D:5)
  4 orc wizards
  3 iguanas
  3 gnolls (D:6)
  6 adders
  A white imp (D:5)
  5 dart slugs
  17 orcs
  5 bats
  4 endoplasms
  7 giant cockroaches
  9 goblins
  9 hobgoblins
  7 kobolds
  7 quokkas
  6 ball pythons
  4 frilled lizards
  3 rats
122 creatures vanquished.

Notes
Turn   | Place    | Note
-------+----------+-------------------------------------------
     0 | D:1      | Citaku the Minotaur Fighter began the quest for the Orb.
     0 | D:1      | Reached XP level 1. HP: 19/19 MP: 0/0
    76 | D:1      | Reached XP level 2. HP: 16/27 MP: 1/1
   440 | D:1      | Found a faded altar of an unknown god.
   689 | D:1      | Reached XP level 3. HP: 30/33 MP: 2/2
   705 | D:1      | Found Supto's Antique Armour Boutique.
  1102 | D:1      | You fall into a shaft and drop 1 floor!
  1987 | D:3      | Identified the +11 mace of the Moon {drain, *Corrode rC-
                  | rN+ Str+9}
  2032 | D:3      | Reached XP level 4. HP: 36/40 MP: 3/3
  2234 | D:3      | Found a shadowy altar of Dithmenos.
  2252 | D:3      | Reached skill level 5 in Armour
  2453 | D:3      | Found a broken altar of Ashenzari.
  2453 | D:3      | Found a glowing golden altar of the Shining One.
  2589 | D:4      | Noticed a scorpion
  2597 | D:4      | Killed a scorpion
  2598 | D:4      | Reached XP level 5. HP: 44/47 MP: 4/4
  2771 | D:4      | Reached skill level 5 in Axes
  2801 | D:4      | Reached XP level 6. HP: 45/55 MP: 5/5
  2890 | D:4      | Noticed Grinder
  2908 | D:4      | Killed Grinder
  2909 | D:4      | Reached skill level 5 in Fighting
  3122 | D:4      | Reached XP level 7. HP: 54/61 MP: 6/6
  3296 | D:5      | Entered Level 5 of the Dungeon
  3449 | D:5      | Noticed Menkaure
  3453 | D:5      | Killed Menkaure
  4854 | D:6      | Noticed Blork the orc
  4860 | D:6      | Killed Blork the orc
  4861 | D:6      | Reached XP level 8. HP: 60/70 MP: 7/7
  5646 | D:6      | HP: 2/69 [wight/+0 trident (8)]
  5647 | D:6      | Slain by a wight

Illustrated notes

Levels and vault maps discovered:
D:1:      minmay_arrival_plants_in_alcoves, layout_basic, serial_shops,
          nicolae_shop_waterfront, nicolae_ecumenical_lake_church,
          minmay_strange_pillars, minmay_hexomino_p4
D:2:      layout_basic
D:3:      layout_rooms, mainiacjoe_overflow_24_doors,
          nicolae_overflow_two_pavilions
D:4:      layout_basic, uniq_grinder
D:5:      layout_layer_cave, uniq_menkaure
D:6:      layout_loops_cross, uniq_blork_the_orc, uniq_crazy_yiuf_cottage

Skill      XL: |  1  2  3  4  5  6  7  8 |
---------------+-------------------------+-----
Armour         | 4 5 6 7 9 |  9.4
Axes           | 3 4 5 6 7 9 |  9.0
Fighting       | 4 5 6 7 |  7.0
Shields        | |  3.6

Action                   |  1- 3 |  4- 6 |  7- 9 || total
-------------------------+-------+-------+-------++-------
Melee: War axe           |    87 |     9 |       ||    96
       Headbutt          |    11 |    13 |    18 ||    42
       Hand axe          |       |    76 |    81 ||   157
  Use: Scroll            |       |     1 |    13 ||    14
       Potion            |       |       |     1 ||     1
Armor: Scale mail        |    45 |    56 |    56 ||   157
Dodge: Dodged            |    40 |    33 |    52 ||   125
Block: Buckler           |    17 |    13 |    25 ||    55

Table legend: (Time is in decaauts)
 A = Elapsed time spent in this place.
 B = Non-inter-level travel time spent in this place.
 C = Inter-level travel time spent in this place.
 D = Time resting spent in this place.
 E = Time spent auto-exploring this place.
 F = Levels seen in this place.
 G = Mean time per level.
                   A        B        C        D        E       F      G
               +--------+--------+--------+--------+--------+-----+--------+
         Total |   5759 |   5759 |      0 |      0 |   4448 |   6 |  959.8 |
       Dungeon |   5759 |   5759 |      0 |      0 |   4448 |   6 |  959.8 |
               +--------+--------+--------+--------+--------+-----+--------+

Top non-repeatable levels by time:
     D:5: 1566 daAuts
     D:1: 1117 daAuts
     D:2: 895 daAuts
     D:6: 812 daAuts
     D:4: 775 daAuts
     D:3: 592 daAuts
